 Dungeon Crawl Stone Soup version 0.25-a0-781-gc44aebf4fe (webtiles) character file.

Game seed: 16598193915997664028, levelgen mode: deterministic

13 Cral the Skirmisher (level 2, -2/24 HPs)
             Began as a Demonspawn Fighter on Apr 15, 2020.
             Slain by a leopard gecko (3 damage)
             ... on level 1 of the Dungeon.
             The game lasted 00:00:32 (612 turns).

Cral the Skirmisher (Demonspawn Fighter)             Turns: 612, Time: 00:00:33

Health: -2/24      AC:  6    Str: 16    XL:     2   Next: 24%
Magic:  2/2        EV:  6    Int:  9    God:
Gold:   17         SH:  8    Dex: 12    Spells: 1/1 levels left

rFire    . . .     SeeInvis .   a - +0 flail
rCold    . . .     Gourm    .   c - +0 kite shield
rNeg     . . .     Faith    .   b - +0 scale mail
rPois    .         Spirit   .   (no helmet)
rElec    .         Reflect  .   (no cloak)
rCorr    .         Harm     .   (no gloves)
MR       .....                  (no boots)
Stlth    ..........             (no amulet)
HPRegen  0.08/turn              (no ring)
MPRegen  0.08/turn              (no ring)

@: no status effects
A: demonic guardian 1
a: no special abilities


You were on level 1 of the Dungeon.
You were not hungry.

You visited 1 branch of the dungeon, and saw 1 of its levels.

You collected 17 gold pieces.

Inventory:

Hand Weapons
 a - a +0 flail (weapon)
Armour
 b - a +0 scale mail (worn)
 c - a +0 kite shield (worn)
Scrolls
 e - 2 scrolls of identify {unknown}
Potions
 d - a potion of might
 g - a potion of haste {unknown}
Comestibles
 f - 2 rations


   Skills:
 + Level 3.1 Fighting
 + Level 2.0 Maces & Flails
 + Level 3.0 Armour
 + Level 2.8 Shields


You had one spell level left.
You didn't know any spells.
Your spell library was empty.

Dungeon Overview and Level Annotations

Branches:
Dungeon (1/15)

Altars:


Innate Abilities, Weirdness & Mutations

A weak demonic guardian rushes to your aid.


Message History

The leopard gecko bites you. The frilled lizard closely misses you.
The leopard gecko bites you.
* * * LOW HITPOINT WARNING * * *
You block the leopard gecko's attack.
The frilled lizard completely misses you.
The leopard gecko bites you but does no damage.
The frilled lizard barely misses you. You block the leopard gecko's attack.
The frilled lizard bites you but does no damage.
The leopard gecko bites you.
* * * LOW HITPOINT WARNING * * *
The frilled lizard barely misses you. You block the leopard gecko's attack.
You block the frilled lizard's attack. The leopard gecko bites you.
* * * LOW HITPOINT WARNING * * *
You block the frilled lizard's attack.
The leopard gecko bites you but does no damage.
You block the leopard gecko's attack.
The frilled lizard bites you but does no damage.
The leopard gecko bites you.
You die...

######### #.......#
######.......#
...!.........#
.............#
..........#.....
.......l..#.....#
.......@..# ....#
.......l..# ...#
########'#####'#.##.#
..?.................#.#
#####...[...........#.#
+..................
#.................#
#..........l......#.#
#..............#..#.#


You could see a leopard gecko and a frilled lizard.

Vanquished Creatures
  A leopard gecko (D:1)
  4 bats (D:1)
  A goblin (D:1)
  A ball python (D:1)
  2 frilled lizards (D:1)
  2 kobolds (D:1)
  2 rats (D:1)
13 creatures vanquished.

Notes
Turn   | Place    | Note
-------+----------+-------------------------------------------
     0 | D:1      | Cral the Demonspawn Fighter began the quest for the Orb.
     0 | D:1      | Reached XP level 1. HP: 18/18 MP: 1/1
     2 | D:1      | Noticed a demigod
     2 | D:1      | Noticed a formicid
     4 | D:1      | Noticed a centaur
     4 | D:1      | Noticed a merfolk
     6 | D:1      | Noticed a tengu
     8 | D:1      | Noticed a minotaur
     8 | D:1      | Noticed an octopode
    10 | D:1      | Noticed a felid
    10 | D:1      | Noticed a ghoul
    12 | D:1      | Noticed a demonspawn
    14 | D:1      | Noticed an ogre
    14 | D:1      | Noticed a vampire
    16 | D:1      | Noticed a human
    16 | D:1      | Noticed a naga
    18 | D:1      | Noticed a draconian
    18 | D:1      | Noticed a vine stalker
    20 | D:1      | Noticed an elf
    20 | D:1      | Noticed a halfling
    22 | D:1      | Noticed a gargoyle
    22 | D:1      | Noticed a troll
    24 | D:1      | Noticed a spriggan
    24 | D:1      | Noticed a dwarf
   392 | D:1      | Gained mutation: A weak demonic guardian rushes to your
                  | aid. [demonic ancestry]
   392 | D:1      | Reached XP level 2. HP: 24/24 MP: 2/2
   609 | D:1      | HP: 1/24 [leopard gecko (3)]
   612 | D:1      | Slain by a leopard gecko

Levels and vault maps discovered:
D:1:      kb_arrival_jail, layout_basic

Skill      XL: |  1  2 |
---------------+-------+-----
Maces & Flails | 2 |  2.0
Armour         | 3 |  3.0
Fighting       | |  3.1
Shields        | |  2.8

Action                   || total
-------------------------++-------
Melee: Flail             ||    30
Armor: Scale mail        ||    48
Dodge: Dodged            ||    40
Block: Kite shield       ||    52

Table legend:
 A = Non-vault XP
 B = Vault XP
 C = Vault XP percentage of total XP
 D = Non-vault monster count
 E = Vault monster count
 F = Vault count percentage of total count
                 A         B        C        D         E       F
            +---------+---------+-------+---------+---------+-------
      Total |      19 |       0 |   0.0 |      13 |       0 |   0.0
            +---------+---------+-------+---------+---------+-------
        D:1 |      19 |       0 |   0.0 |      13 |       0 |   0.0
            +---------+---------+-------+---------+---------+-------
